 Dungeon Crawl Stone Soup version 0.31-a0-1370-gf52a5a9ab3 (webtiles) character file.

Game seed: 16641159474379428208

9583 grandjackal the Fighter (level 11, -8/150 HPs)
             Began as a Green Draconian Gladiator on Dec 24, 2023.
             Was a High Priest of Okawaru.
             Mangled by an orc warrior
             ... wielding a +0 war axe
              (9 damage)
             ... on level 9 of the Dungeon.
             The game lasted 00:09:58 (8778 turns).

grandjackal the Fighter (Green Draconian Gladiator) Turns: 8778, Time: 00:09:58

Health: -8/150     AC: 25    Str: 17    XL:     11   Next: 25%
Magic:  15/17      EV:  2    Int:  9    God:    Okawaru [*****.]
Gold:   456        SH:  0    Dex: 16    Spells: 10/10 levels left

rFire   + . .        x - +1 war axe (drain)
rCold   . . .        (no shield)
rNeg    . . .        (body armour unavailable)
rPois   +            b - melded +0 hat
rElec   .            e - melded +0 cloak
rCorr   .            (gloves currently unavailable)
SInv    .            C - melded +0 pair of boots
Will    +....        (no amulet)
Stlth   +++          g - ring of protection from fire
HPRegen 0.45/turn    (no ring)
MPRegen 0.15/turn

%: no passive effects
@: mighty, brilliant, tree-form, heroic, on berserk cooldown, enlightened,
slowed, very slow
A: stationary, stasis, torment immunity, boosted hp, (breathe noxious fumes), AC
+7, unfitting armour, (poison resistance), (cold-blooded)
a: Renounce Religion, Heroism, Finesse, Duel


You were on level 9 of the Dungeon.
You worshipped Okawaru.
Okawaru was extremely pleased with you.
You were a tree.
You visited 2 branches of the dungeon, and saw 10 of its levels.

You collected 456 gold pieces.

Inventory:

Hand Weapons
 a - a +0 long sword
 x - a +1 war axe of draining (weapon)
 I - a +0 war axe of flaming
 J - a +4 short sword of venom
Missiles
 c - 4 throwing nets (quivered)
 d - a javelin
Armour
 b - a +0 hat (melded)
 e - a +0 cloak (melded)
 u - a scarf of repulsion
 C - a +0 pair of boots (melded)
 D - a +0 kite shield
Jewellery
 g - a ring of protection from fire (left branch)
 F - a ring of wizardry
Wands
 o - a wand of quicksilver (21)
 q - a wand of roots (10)
 y - a wand of flame (30)
Scrolls
 f - 6 scrolls of identify {unknown}
 i - 7 scrolls of teleportation {unknown}
 j - a scroll of enchant weapon {unknown}
 k - 3 scrolls of blinking {unknown}
 m - 3 scrolls of enchant armour {unknown}
 p - a scroll of fog {unknown}
 r - 2 scrolls of fear {unknown}
 t - a scroll of poison {unknown}
 v - 3 scrolls of vulnerability {unknown}
 E - a scroll of butterflies {unknown}
 G - 3 scrolls of immolation {unknown}
 K - a scroll of amnesia {unknown}
Potions
 l - a potion of berserk rage
 n - 2 potions of lignification
 s - a potion of might
 w - a potion of brilliance
 z - a potion of enlightenment
 A - 2 potions of haste {unknown}
 B - 2 potions of heal wounds {unknown}
 H - a potion of mutation {unknown}


   Skills:
 + Level 10.2(15.2) Fighting
 + Level 9.6(14.6) Long Blades
 - Level 2.0(7.0) Throwing
 + Level 8.8(13.8) Dodging
 + Level 9.1 Invocations


You had 10 spell levels left.
You didn't know any spells.
Your spell library contained the following spells:

 Spells                   Type           Power      Damage    Failure   Level
 Magic Dart               Conj           0%         1d3       38%         1
 Sting                    Conj/Alch      0%         1d3       38%         1
 Blink                    Tloc           0%         N/A       52%         2
 Mercury Vapours          Alch/Air       0%         N/A       52%         2
 Hailstorm                Conj/Ice       0%         3d5       77%         3
 Olgreb's Toxic Radiance  Alch           0%         N/A       99%         4
 Passage of Golubria      Tloc           0%         N/A       99%         4
 Vhi's Electric Charge    Tloc/Air       0%         N/A       99%         4
 Arcjolt                  Conj/Air       0%         1d10      100%        5
 Silence                  Hex/Air        0%         N/A       100%        5
 Yara's Violent Unravell  Hex/Alch       0%         3d3       100%        5
 Lehudib's Crystal Spear  Conj/Erth      0%         10d2      100%        8
 Maxwell's Capacitive Co  Air            0%         ∞         100%        8
 Call Imp                 Summ           Unusable   N/A       N/A         2
 Tukima's Dance           Hex            Unusable   N/A       N/A         3
 Summon Ice Beast         Ice/Summ       Unusable   N/A       N/A         4
 Simulacrum               Ice/Necr       Unusable   N/A       N/A         6

Dungeon Overview and Level Annotations

Branches:
Dungeon (9/15)             Temple (1/1) D:4
   Lair: D:8-11         Orc: D:9-12

Altars:
Ashenzari
Cheibriados
Dithmenos
Elyvilon
Fedhas
Gozag
Kikubaaqudgha
Makhleb
Nemelex Xobeh
Okawaru
Qazlal
Ru
Sif Muna
Trog
Uskayaw
Vehumet
Wu Jian
Xom
Yredelemnul
Zin
The Shining One

Shops:
D:1 (   D:8 :

Annotations:
D:1 1 transporter
D:4 3 runed translucent doors, jfcaron's ghost, amateur GnSh
D:9 1 runed translucent door


Innate Abilities, Weirdness & Mutations

You are a tree.
Your roots penetrate the ground, keeping you stationary.
You cannot be teleported.
You are immune to unholy pain and torment.
Your maximum health is greatly increased.
Your equipment is partially melded.
((You can breathe blasts of noxious fumes.))
((Your lurid green scales are hard. (AC +7)))
You cannot fit into any form of body armour.
((Your system is resistant to poisons. (rPois)))
((You are cold-blooded and may be slowed by cold attacks.))


Message History

The orc warrior hits you but does no damage.
The centaur warrior hits you but does no damage.
The centaur warrior kicks you but does no damage.
Unknown command.
You barely miss the orc warrior. You slash the centaur warrior!
The centaur warrior hits you but does no damage.
The centaur warrior kicks you but does no damage.
The gnoll sergeant hits you from afar with a +7 trident of flaming.
* * * LOW HITPOINT WARNING * * *
The orc warrior hits you with a +0 war axe.
* * * LOW HITPOINT WARNING * * *
The centaur warrior hits you but does no damage.
The centaur warrior kicks you but does no damage.
The gnoll sergeant hits you but does no damage.
The orc warrior hits you but does no damage.
The centaur warrior hits you but does no damage.
The centaur warrior kicks you but does no damage.
Unknown command.
You slash the orc warrior!
The orc warrior is moderately wounded.
You hit the centaur warrior. You drain the centaur warrior.
The centaur warrior hits you with a +0 shortbow of freezing.
* * * LOW HITPOINT WARNING * * *
The centaur warrior kicks you but does no damage.
The gnoll sergeant hits you but does no damage.
The orc warrior hits you with a +0 war axe.
* * * LOW HITPOINT WARNING * * *
The centaur warrior hits you but does no damage.
The centaur warrior kicks you but does no damage.
The gnoll sergeant hits you but does no damage.
The orc warrior hits you but does no damage.
It was a potion of enlightenment.
Your roots keep you in place.
The centaur warrior hits you but does no damage.
The centaur warrior barely misses you.
The centaur warrior hits you with a +0 shortbow of freezing.
* * * LOW HITPOINT WARNING * * *
The centaur warrior kicks you but does no damage.
The gnoll sergeant hits you but does no damage.
The orc warrior hits you with a +0 war axe!
You die...

#..# #....# #..#
#....# #..# #...##
#..# #...#. #..#
#..##. # #..#
#..#.# #.######..#
#.# .#
####..o......###
.##
......c♣.g........
......####........
..... #..###...#
.... #..# .### ...
#... # .. ...## .
.###


You could see a centaur warrior (drained), an orc warrior and a gnoll sergeant.

Vanquished Creatures
  Gastronok (D:8)
  Erica (D:9)
  A two-headed ogre (D:6)
  A deep elf pyromancer (D:9)
  A cyclops (D:9)
  Maurice (D:8)
  Maggie (D:8)
  A gargoyle (D:9)
  2 tengu conjurers (D:9)
  A kobold demonologist (D:5)
  A troll (D:9)
  Prince Ribbit (D:7)
  A hornet (D:9)
  2 shadows
  A wyvern (D:9)
  8 yaks (D:9)
  A water moccasin (D:6)
  An orc warrior (D:8)
  3 sky beasts
  2 ice beasts
  A black bear (D:4)
  2 ogres
  2 centaurs
  A phantom (D:6)
  2 kobold brigands
  2 bullfrogs
  6 scorpions
  4 wights
  A killer bee (D:9)
  6 howler monkeys
  A gnoll bouda (D:6)
  8 hounds
  A jelly (D:6)
  5 orc priests
  3 iguanas
  A sleepcap (D:5)
  An orc wizard (D:5)
  Robin (D:3)
  6 adders
  7 gnolls
  8 river rats (D:6)
  A bombardier beetle (D:5)
  2 ufetubi (D:7)
  3 worms (D:2)
  3 dart slugs (D:1)
  23 orcs
  4 endoplasms
  11 goblins
  11 hobgoblins
  4 jackals (D:1)
  7 quokkas
  7 ball pythons
  3 bats (D:1)
  2 frilled lizards
  15 kobolds
  21 rats
218 creatures vanquished.

Vanquished Creatures (others)
  A shadow (D:9)
1 creature vanquished.

Grand Total: 219 creatures vanquished

Notes
Turn   | Place    | Note
-------+----------+-------------------------------------------
     0 | D:1      | grandjackal the Draconian Gladiator began the quest for the
                  | Orb.
     0 | D:1      | Reached XP level 1. HP: 17/17 MP: 1/1
   173 | D:1      | Found Edohaicou's Weapon Shop.
   188 | D:1      | Reached XP level 2. HP: 22/25 MP: 2/2
   633 | D:1      | Reached XP level 3. HP: 27/30 MP: 3/3
   969 | D:2      | Reached skill level 3 in Fighting
  1156 | D:2      | Found a faded altar of an unknown god.
  1293 | D:2      | Reached XP level 4. HP: 31/38 MP: 4/4
  2136 | D:3      | Noticed Robin
  2152 | D:3      | Killed Robin
  2579 | D:4      | Reached XP level 5. HP: 45/46 MP: 5/5
  2583 | D:4      | Noticed a black bear
  2632 | D:4      | Found a runed translucent gate.
  2633 | D:4      | Found a runed translucent gate.
  2633 | D:4      | Found a runed translucent gate.
  2639 | D:4      | Noticed a phantom
  2640 | D:4      | Noticed jfcaron's ghost (amateur GnSh)
  2654 | D:4      | Reached skill level 4 in Fighting
  2820 | D:4      | Noticed an ogre
  2830 | D:4      | Killed an ogre
  2831 | D:4      | Reached XP level 6. HP: 7/53 MP: 6/6
  3104 | D:4      | Found a staircase to the Ecumenical Temple.
  3205 | Temple   | Entered the Ecumenical Temple
  3231 | Temple   | Became a worshipper of Warmaster Okawaru
  3309 | D:4      | Reached skill level 1 in Invocations
  3525 | D:5      | Entered Level 5 of the Dungeon
  3846 | D:5      | Reached skill level 5 in Fighting
  3848 | D:5      | Reached skill level 5 in Long Blades
  3850 | D:5      | Your scales start taking on a lurid green colour.
  3850 | D:5      | Reached XP level 7. HP: 53/61 MP: 8/8
  3850 | D:5      | Gained mutation: Your system is resistant to poisons.
                  | (rPois) [Green Draconian growth]
  3913 | D:5      | Noticed a kobold demonologist
  3913 | D:5      | Noticed a shadow
  3918 | D:5      | Killed a shadow
  3918 | D:5      | Reached * piety under Okawaru
  3924 | D:5      | Noticed an orange demon
  3927 | D:5      | Noticed a ynoxinul
  3932 | D:5      | Killed a kobold demonologist
  3933 | D:5      | Reached skill level 5 in Dodging
  4249 | D:5      | Reached XP level 8. HP: 59/70 MP: 10/10
  4257 | D:5      | Reached ** piety under Okawaru
  4488 | D:5      | Reached skill level 6 in Fighting
  4887 | D:6      | Found a shadowy altar of Dithmenos.
  5360 | D:6      | Reached skill level 5 in Invocations
  5430 | D:6      | Noticed a two-headed ogre
  5444 | D:6      | Killed a two-headed ogre
  5444 | D:6      | Reached *** piety under Okawaru
  5445 | D:6      | Reached skill level 7 in Fighting
  5445 | D:6      | Reached XP level 9. HP: 12/79 MP: 11/13
  5701 | D:6      | Reached **** piety under Okawaru
  6363 | D:7      | Noticed Prince Ribbit
  6376 | D:7      | Killed Prince Ribbit
  6377 | D:7      | Reached skill level 8 in Fighting
  6900 | D:8      | Noticed Gastronok
  6922 | D:8      | Killed Gastronok
  6923 | D:8      | Reached XP level 10. HP: 62/90 MP: 8/15
  7118 | D:8      | Found Muaqunak's Tremendous Tomes.
  7604 | D:8      | Noticed Maggie
  7618 | D:8      | Killed Maggie
  7708 | D:8      | Reached skill level 9 in Fighting
  7847 | D:8      | Noticed Maurice
  7862 | D:8      | Killed Maurice
  8167 | D:9      | Reached ***** piety under Okawaru
  8271 | D:9      | Found a runed translucent door.
  8342 | D:9      | Noticed a deep elf pyromancer
  8346 | D:9      | Noticed a cyclops
  8348 | D:9      | Killed a deep elf pyromancer
  8356 | D:9      | Killed a cyclops
  8356 | D:9      | Received a gift from Okawaru
  8356 | D:9      | Noticed a gargoyle
  8376 | D:9      | Killed a gargoyle
  8383 | D:9      | Reached XP level 11. HP: 28/99 MP: 11/17
  8407 | D:9      | Reached skill level 10 in Fighting
  8695 | D:9      | Found an opulent altar of Gozag.
  8743 | D:9      | Noticed Erica
  8747 | D:9      | Noticed a centaur warrior
  8765 | D:9      | Killed Erica
  8774 | D:9      | HP: 4/150 [centaur warrior/+0 shortbow of freezing (8)]
  8777 | D:9      | HP: 1/150 [orc warrior/+0 war axe (5)]
  8778 | D:9      | Mangled by an orc warrior

Illustrated notes

Levels and vault maps discovered:
D:1:      spicycebolla_arrival_risky_transporter, layout_basic, serial_shops,
          shop
D:2:      kb_forest_paths, layout_basic, hellmonk_ecumenical_altar_lost_god,
          reono_crystal_passage
D:3:      layout_basic, minmay_misc_feat_x, uniq_robin
D:4:      layout_rooms, minmay_temple_entry_gardened_gates,
          gammafunk_ghost_split
D:5:      kennysheep_big_flooded_room, layout_basic
D:6:      lemuel_ratsnest, layout_basic,
          mainiacjoe_overflow_concentric_impassable
D:7:      layout_cave_pools, uniq_prince_ribbit1
D:8:      layout_basic, nicolae_shop_i_like_big_books, lemuel_flamethrower_1,
          uniq_maggie, uniq_gastronok, uniq_maurice
D:9:      minmay_the_grid_four_pointed_star
          [minmay_the_grid_triangle_9x9_thin_v,
          minmay_the_grid_triangle_9x9_stretched_checkered,
          minmay_the_grid_triangle_9x9_pentomino_pain,
          minmay_the_grid_triangle_9x9_subtriangle,
          minmay_the_grid_prize_four_corners_diamond_a], layout_long_grid,
          nicolae_overflow_hidden_temple, uniq_erica
Temple:   hellmonk_temple_of_storms

Skill      XL: |  1  2  3  4  5  6  7  8  9 10 11 |
---------------+----------------------------------+-----
Throwing       | 2 |  2.0
Dodging        | 3 4 5 6 7 8 |  8.8
Fighting       | 3 4 5 7 8 9 10 | 10.2
Long Blades    | 4 5 7 8 9 |  9.6
Invocations    | 1 3 5 7 8 9 |  9.1

Action                     |  1- 3 |  4- 6 |  7- 9 | 10-12 || total
---------------------------+-------+-------+-------+-------++-------
  Melee: Long sword        |   134 |    94 |       |       ||   228
         Tailslap          |    13 |    13 |    39 |    43 ||   108
         Punch             |       |     2 |     4 |     4 ||    10
         War axe           |       |    44 |   272 |   208 ||   524
  Throw: Throwing net      |       |       |       |     1 ||     1
 Invoke: Heroism           |       |       |     1 |     3 ||     4
         Finesse           |       |       |     1 |     2 ||     3
Ability: Breathe Noxious F |       |       |     4 |     8 ||    12
  Evoke: Wand              |       |       |     2 |     2 ||     4
    Use: Potion            |       |       |       |     9 ||     9
   Stab: Sleeping          |     2 |     1 |     1 |       ||     4
         Confused          |       |       |     4 |     3 ||     7
 Armour: Skin              |    77 |   105 |   219 |   215 ||   616
  Dodge: Dodged            |   112 |   136 |   310 |   237 ||   795

Table legend: (Time is in decaauts)
 A = Elapsed time spent in this place.
 B = Non-inter-level travel time spent in this place.
 C = Inter-level travel time spent in this place.
 D = Time resting spent in this place.
 E = Time spent auto-exploring this place.
 F = Levels seen in this place.
 G = Mean time per level.
                   A        B        C        D        E       F      G
               +--------+--------+--------+--------+--------+-----+--------+
         Total |   9045 |   8712 |    333 |   1932 |   4847 |  10 |  904.5 |
       Dungeon |   9001 |   8687 |    314 |   1932 |   4847 |   9 | 1000.1 |
        Temple |     44 |     26 |     18 |      0 |      0 |   1 |   44.0 |
               +--------+--------+--------+--------+--------+-----+--------+

Top non-repeatable levels by time:
     D:8: 1533 daAuts
     D:5: 1267 daAuts
     D:4: 1188 daAuts
     D:6: 1188 daAuts
     D:2: 950 daAuts
     D:1: 844 daAuts
     D:3: 799 daAuts
     D:7: 797 daAuts
     D:9: 432 daAuts
  Temple: 44 daAuts
